 Dungeon Crawl Stone Soup version 0.26-a0-812-g31a745ddcd (webtiles) character file.

Game seed: 12712145082327351337

131413 Borgoz the Bludgeoner (level 17, 0/112 HPs)
             Began as a Gargoyle Gladiator on Dec 8, 2020.
             Was a High Priest of Ashenzari.
             Slain by a bunyip (15 damage)
             ... on level 3 of the Swamp.
             The game lasted 00:56:44 (34145 turns).

Borgoz the Bludgeoner (Gargoyle Gladiator)         Turns: 34145, Time: 00:56:45

Health: 0/112      AC: 41    Str: 21    XL:     17   Next: 10%
Magic:  17/17      EV: 21    Int: 12    God:    Ashenzari [*****.]
Gold:   2496       SH:  0    Dex: 25    Spells: 16/16 levels left

rFire    + + .     SeeInvis +   a - +6 dire flail (protect)
rCold    . . .     Faith    .   (shield currently unavailable)
rNeg     + + .     Spirit   .   u - +7 scale mail of Zin's Whim {rPois rF+}
rPois    ∞         Reflect  .   I - +1 helmet {Int+3} (curse)
rElec    +         Harm     .   (no cloak)
rCorr    .         Rampage  .   F - +0 pair of gloves
MR       +....     Clarity  +   (no boots)
Stlth    +.........             h - amulet of regeneration
HPRegen  0.68/turn              f - ring "Gaank" {rF+ rN+ Dex+4}
MPRegen  0.15/turn              d - +6 ring of dexterity (curse)

@: protection aura, flying
A: big wings, negative energy resistance 1, electricity resistance, unbreathing,
petrification resistance, rot immunity, AC +12
a: Stop Flying, Curse Item, Scrying, Transfer Knowledge, Renounce Religion


You were on level 3 of the Swamp.
You worshipped Ashenzari.
Ashenzari was extremely pleased with you.
You visited 5 branches of the dungeon, and saw 27 of its levels.
You visited the Abyss 1 time.
You also visited: Gauntlet.

You collected 2822 gold pieces.
You spent 326 gold pieces at shops.

Inventory:

Hand Weapons
 a - a +6 dire flail of protection (weapon)
 i - a +1 great mace of draining
Armour
 u - the +7 scale mail of Zin's Whim (worn) {rPois rF+}
   (You found it on level 6 of the Lair of Beasts)

   It protects you from fire.
   It protects you from poison.
 F - a +0 pair of gloves (worn)
 I - a cursed +1 helmet of intelligence (worn)
 O - a +1 plate armour of cold resistance
Jewellery
 b - an uncursed ring of protection from magic
 c - an uncursed ring of ice
 d - a cursed +6 ring of dexterity (right hand)
 f - the ring "Gaank" (left hand) {rF+ rN+ Dex+4}
   (You found it in a Gauntlet)

   [ring of protection from fire]

   It affects your dexterity (+4).
   It protects you from fire.
   It protects you from negative energy.
 h - an amulet of regeneration (around neck)
 E - an uncursed amulet of the acrobat
 K - an uncursed ring of protection from fire
Wands
 q - a wand of acid (8)
 r - a wand of paralysis (13)
 v - a wand of polymorph (24)
 y - a wand of iceblast (31)
 B - a wand of enslavement (9)
 J - a wand of digging (3)
Scrolls
 e - 10 scrolls of teleportation
 j - a scroll of remove curse
 k - a scroll of holy word
 l - 7 scrolls of blinking
 w - a scroll of magic mapping
 z - 2 scrolls of fear
 G - a scroll of fog
Potions
 g - 13 potions of curing
 p - 3 potions of cancellation
 s - 5 potions of heal wounds
 C - 4 potions of ambrosia
 D - 3 potions of resistance


   Skills:
 + Level 14.8 Fighting
   Level 3.6(11.2) Axes
 + Level 16.9(17.1) Maces & Flails
 - Level 1.7 Throwing
 + Level 14.6 Armour
 + Level 12.0 Dodging
 - Level 5.0 Evocations


You had 16 spell levels left.
You didn't know any spells.
Your spell library contained the following spells:

 Spells                   Type           Power        Failure   Level
 Foxfire                  Conj/Fire      #...         56%         1
 Shock                    Conj/Air       #...         56%         1
 Conjure Flame            Conj/Fire      #.......     90%         3
 Dazzling Flash           Conj/Hex       #.....       90%         3
 Ignite Poison            Fire/Tmut/Pois #.......     90%         3
 Inner Flame              Hex/Fire       #.......     90%         3
 Sticky Flame             Conj/Fire      #.......     100%        4
 Fireball                 Conj/Fire      #.........   100%        5
 Summon Demon             Summ           #.........   100%        5
 Summon Forest            Summ/Tloc      #.........   100%        5
 Summon Mana Viper        Hex/Summ       #.......     100%        5
 Iron Shot                Conj/Erth      #.........   100%        6
 Shadow Creatures         Summ           N/A          100%        6
 Starburst                Conj/Fire      #.........   100%        6
 Summon Hydra             Summ           #.........   100%        7
 Ignition                 Fire           #.........   100%        8
 Shatter                  Erth           #.........   100%        9


Dungeon Overview and Level Annotations

Branches:
Dungeon (15/15)            Temple (1/1) D:6            Lair (6/6) D:9
  Swamp (3/4) Lair:4       Spider (0/4) Lair:3        Slime (0/5) Lair:5
    Orc (2/2) D:10            Elf (0/3) Orc:2        Vaults (0/5) D:14
 Depths (0/5) D:15        Gauntlet (visited)

Altars:
Ashenzari
Cheibriados
Dithmenos
Elyvilon
Fedhas
Gozag
Hepliaklqana
Kikubaaqudgha
Makhleb
Nemelex Xobeh
Okawaru
Qazlal
Ru
Sif Muna
Trog
Uskayaw
Vehumet
Wu Jian
Xom
Yredelemnul
Zin
The Shining One
Beogh

Shops:
D:5 (   D:7 *   Orc:2 :[*(

Annotations:
D:4 1 runed translucent door


Innate Abilities, Weirdness & Mutations

You are resistant to torment.
Your stone body is resilient. (AC +12)
You are immune to poison.
Your large and strong wings let you fly indefinitely.
You resist negative energy. (rN+)
You are resistant to electric shocks. (rElec)
You can survive without breathing.
You are immune to petrification.
You are immune to rotting.


Message History

The five-headed hydra bites you but does no damage.
The five-headed hydra barely misses you.
The five-headed hydra bites you but does no damage.
The five-headed hydra bites you.
* * * LOW HITPOINT WARNING * * *
You impale the five-headed hydra!!
The five-headed hydra is severely wounded.
The five-headed hydra misses you. The five-headed hydra bites you.
* * * LOW HITPOINT WARNING * * *
The five-headed hydra misses you.
The five-headed hydra bites you but does no damage. x2
You sock the five-headed hydra!
The five-headed hydra is almost dead.
You puncture the five-headed hydra!
You kill the five-headed hydra!
Your Dodging skill increases to level 12!
You hit the bunyip but do no damage.
A bunyip comes into view.
The bunyip barely misses you. The bunyip claws you!
You die...

.. * ♣♣ .. * ,*
*,≈.≈*♣♣.♣x.*≈≈
* ***
.≈.♣♣.≈≈.♣*,≈*
*≈ ** *
≈≈.≈>≈≈≈. ,, *
, ♣.≈≈≈≈.$***
≈* * , * ≈
≈♣≈♣!..≈.♣ * *
, * ≈≈
,≈≈≈≈♣.≈≈.♣ ≈ *
, ,,, ,
...§≈≈≈.♣ ≈ ≈ ,
=..♣≈.†@♣ * ≈ ,
≈ *, , ,
*♣≈≈♣x♣* ≈ , ,
*♣≈≈≈.≈♣ , ,
,≈≈, ♣.≈..≈♣* *
,,≈ , ≈ ≈
♣.≈.≈≈. * , ≈ ,
, ≈****
♣.....♣♣ * , ,
,, ≈ ≈≈♣≈≈≈§≈ *
, ,, ≈ , , ≈
§≈♣≈≈.≈≈ * ≈,
,, , ,≈,*≈.
#...≈.♣ *≈≈ ,


You could see 2 bunyips.

Vanquished Creatures
  Saint Roka (Orc:1)
  A lich (Abyss:1)
  Gastronok (D:12)
  An orc warlord (Orc:2)
  The ghost of PanSaczeczos the Grappler, a journeyman TrBr of Ru (Lair:6)
  A stone giant (Orc:1)
  6 dire elephants
  3 bunyips
  The ghost of Ydauvaq the Basher, a journeyman TrGl of Ru (Lair:2)
  An eleionoma (Swamp:1)
  Fannar (Orc:1)
  2 ogre magi (D:15)
  A boulder beetle (Lair:2)
  10 hydras
  Harold (D:7)
  An anaconda (Lair:6)
  4 centaur warriors
  A catoblepas (Lair:5)
  14 two-headed ogres
  7 alligators
  A death scarab (Gauntlet)
  A tengu warrior (D:13)
  6 death yaks (Lair:5)
  3 orc high priests
  A goliath frog (Swamp:1)
  Sonja (Lair:3)
  5 skeletal warriors (D:13)
  The ghost of HoaS the Basher, a novice GrFi of Makhleb (D:8)
  3 unseen horrors
  A swamp dragon (Swamp:1)
  2 wizards (D:14)
  A bog body (Swamp:1)
  Pikel (D:7)
  2 wolf spider zombies
  A spectral boulder beetle (Gauntlet)
  3 orc knights
  A necromancer (D:14)
  4 oklob plants (Lair:6)
  A will-o-the-wisp (Swamp:1)
  3 wolf spiders
  2 orc sorcerers
  11 ugly things
  A deep elf mage (D:14)
  A cyclops (D:15)
  2 centaur zombies (D:10)
  20 elephants
  4 moths of wrath
  3 gargoyles
  10 cane toads
  5 black mambas
  Joseph (D:7)
  Maggie (D:8)
  2 rime drakes
  An efreet (D:15)
  2 kobold demonologists
  7 komodo dragons
  A queen bee (D:9)
  4 hornets
  5 tyrant leeches
  2 polar bears (Lair:6)
  6 trolls
  9 slime creatures
  A hornet (shapeshifter) (D:15)
  10 blink frogs
  A meliai zombie (D:13)
  7 dream sheep (Lair:6)
  2 shadows
  8 spriggans
  6 redbacks
  52 yaks
  3 wraiths
  4 wyverns
  5 basilisks
  3 vampire mosquitoes (D:11)
  A neqoxec (Abyss:1)
  Menkaure (D:4)
  3 insubstantial wisps (D:11)
  Edmund (D:4)
  6 swamp worms
  A soldier ant (D:13)
  3 wargs
  An acid dragon (D:14)
  14 water moccasins
  6 ice beasts
  33 orc warriors
  A sky beast (D:12)
  An eye of draining (D:13)
  A phantom (D:11)
  11 ogres
  9 wolves (Lair:6)
  13 centaurs
  An elf zombie (D:9)
  A big kobold (D:12)
  22 bullfrogs
  2 gnoll sergeants
  3 wyvern zombies
  4 scorpions
  25 killer bees
  37 wights
  3 electric eels
  4 howler monkeys
  A bullfrog zombie (D:10)
  4 hounds
  7 jellies
  4 human zombies (D:9)
  13 orc priests
  3 bullfrog skeletons
  7 centaur skeletons
  A human skeleton (D:9)
  12 orc wizards
  4 iguanas
  12 worker ants
  A killer bee zombie (D:8)
  2 ogre zombies (D:9)
  An ogre skeleton (D:9)
  2 hound zombies
  A hound skeleton (D:7)
  A mummy (D:9)
  18 gnolls
  13 adders
  A white imp (D:5)
  3 ufetubi
  5 oozes
  An adder skeleton (D:4)
  A worm (D:2)
  9 leopard geckos
  76 orcs
  4 giant cockroaches
  9 hobgoblins
  6 jackals
  3 quokkas
  A ball python (D:3)
  10 bats
  4 frilled lizards
  10 goblins
  12 kobolds
  3 leopard gecko skeletons
  An orc zombie (D:9)
  A quokka skeleton (D:4)
  6 rats
784 creatures vanquished.

Vanquished Creatures (collateral kills)
  A blink frog (Lair:5)
1 creature vanquished.

Vanquished Creatures (others)
  2 bloated husks
  A blink frog (Lair:5)
  A yak (Lair:5)
  An adder (D:11)
  6 foxfires
  32 fungi
  43 plants
  2 withered plants (Lair:2)
88 creatures vanquished.

Grand Total: 873 creatures vanquished

Notes
Turn   | Place    | Note
-------+----------+-------------------------------------------
     0 | D:1      | Borgoz the Gargoyle Gladiator began the quest for the Orb.
     0 | D:1      | Reached XP level 1. HP: 12/12 MP: 1/1
   194 | D:1      | Reached XP level 2. HP: 18/18 MP: 2/2
   568 | D:2      | Reached skill level 1 in Armour
   589 | D:2      | Reached XP level 3. HP: 22/22 MP: 3/3
  1154 | D:2      | Reached XP level 4. HP: 17/27 MP: 4/4
  1962 | D:3      | Reached skill level 4 in Maces & Flails
  2176 | D:3      | Reached XP level 5. HP: 32/32 MP: 5/5
  3354 | D:4      | Found a shimmering blue altar of Sif Muna.
  3380 | D:4      | Found a broken altar of Ashenzari.
  3380 | D:4      | Found an ancient bone altar of Kikubaaqudgha.
  3382 | D:4      | Found a radiant altar of Vehumet.
  3382 | D:4      | Found a blossoming altar of Fedhas.
  3405 | D:4      | Reached XP level 6. HP: 18/37 MP: 6/6
  3413 | D:4      | Became a worshipper of Ashenzari the Shackled
  3658 | D:4      | Noticed Menkaure
  3665 | D:4      | Killed Menkaure
  3665 | D:4      | Reached skill level 5 in Maces & Flails
  3737 | D:4      | Noticed Edmund
  3764 | D:4      | Killed Edmund
  3764 | D:4      | Reached XP level 7. HP: 13/43 MP: 7/7
  4300 | D:4      | Found a glowing golden altar of the Shining One.
  4300 | D:4      | Found a runed translucent door.
  4300 | D:4      | Noticed an angel
  4629 | D:5      | Entered Level 5 of the Dungeon
  4725 | D:5      | Reached skill level 6 in Maces & Flails
  4955 | D:5      | Reached XP level 8. HP: 38/48 MP: 8/8
  5318 | D:5      | Found Yfyas Ryici's Weapon Emporium.
  5615 | D:5      | Reached * piety under Ashenzari
  5791 | D:6      | Found a staircase to the Ecumenical Temple.
  5822 | Temple   | Entered the Ecumenical Temple
  6008 | D:6      | Reached skill level 5 in Fighting
  6210 | D:6      | Reached skill level 7 in Maces & Flails
  6351 | D:6      | Reached skill level 5 in Armour
  6489 | D:6      | Reached XP level 9. HP: 46/55 MP: 9/9
  6853 | D:7      | Noticed Harold
  6881 | D:7      | Killed Harold
  6881 | D:7      | Reached skill level 8 in Maces & Flails
  6881 | D:7      | Reached skill level 5 in Dodging
  7000 | D:7      | Noticed Joseph
  7013 | D:7      | Killed Joseph
  7151 | D:7      | Found a white marble altar of Elyvilon.
  7259 | D:7      | Reached skill level 9 in Maces & Flails
  7272 | D:7      | Reached ** piety under Ashenzari
  7364 | D:7      | Noticed Pikel
  7381 | D:7      | Killed Pikel
  7381 | D:7      | Reached XP level 10. HP: 61/63 MP: 10/10
  7447 | D:7      | Found Icwituah's General Store.
  7450 | D:7      | Bought a potion of heal wounds for 55 gold pieces
  7450 | D:7      | Bought a scroll of identify for 22 gold pieces
  8131 | D:8      | Noticed Maggie
  8146 | D:8      | Killed Maggie
  8372 | D:8      | Found a transporter.
  8381 | D:8      | Noticed HoaS's ghost (novice GrFi)
  8381 | D:8      | Noticed a moth of wrath
  8406 | D:8      | Reached skill level 10 in Maces & Flails
  8441 | D:8      | Found a transporter.
  8838 | D:9      | Found a staircase to the Lair.
  9158 | D:9      | Identified the +8 whip of the Morning {distort, Dex+4}
  9215 | D:9      | Noticed a two-headed ogre
  9226 | D:9      | Killed a two-headed ogre
  9397 | D:9      | Reached XP level 11. HP: 62/68 MP: 11/11
  9460 | D:9      | Reached skill level 11 in Maces & Flails
  9815 | D:9      | Found a basalt altar of Yredelemnul.
 10021 | D:10     | Entered Level 10 of the Dungeon
 10021 | D:10     | Reached *** piety under Ashenzari
 10022 | D:10     | Noticed a two-headed ogre
 10023 | D:10     | Noticed an unseen horror
 10027 | D:10     | Killed an unseen horror
 10033 | D:10     | Killed a two-headed ogre
 10412 | D:10     | Noticed a two-headed ogre
 10469 | D:10     | Killed a two-headed ogre
 10793 | D:10     | Found a shimmering blue altar of Sif Muna.
 11161 | D:10     | Reached skill level 12 in Maces & Flails
 11195 | D:10     | Found a staircase to the Orcish Mines.
 11596 | D:8      | Killed a moth of wrath
 11609 | D:8      | Killed HoaS's ghost
 11609 | D:8      | Reached XP level 12. HP: 45/77 MP: 12/12
 12338 | D:11     | Reached skill level 10 in Fighting
 12687 | D:11     | Reached **** piety under Ashenzari
 13458 | D:12     | Reached skill level 10 in Armour
 13573 | D:12     | Reached skill level 13 in Maces & Flails
 13985 | D:12     | Noticed a two-headed ogre
 13992 | D:12     | Killed a two-headed ogre
 14100 | D:12     | Noticed Gastronok
 14120 | D:12     | Killed Gastronok
 14120 | D:12     | Reached XP level 13. HP: 83/83 MP: 13/13
 14123 | D:12     | Identified the Disquisition on Harmful Earth
 14298 | D:12     | Got the uncursed helmet "Zuocef" {-Tele Str+7}
 14650 | D:13     | Reached ***** piety under Ashenzari
 14673 | D:13     | Reached skill level 14 in Maces & Flails
 15597 | D:13     | Found the +2 Maxwell's thermic engine {flame, freeze}
 17409 | D:14     | Found a gate to the Vaults.
 17608 | D:15     | Entered Level 15 of the Dungeon
 17608 | D:15     | Noticed an ogre mage
 17617 | D:14     | Gained mutation: Your large and strong wings let you fly
                  | indefinitely. [Gargoyle growth]
 17617 | D:14     | Reached XP level 14. HP: 90/91 MP: 14/14
 17670 | D:15     | Reached skill level 15 in Maces & Flails
 17832 | D:15     | Found a gate leading to a gauntlet.
 17843 | Gauntlet | Entered a Gauntlet
 17843 | Gauntlet | Found a transporter.
 17843 | Gauntlet | Found a transporter.
 17848 | Gauntlet | Found a runed translucent gate.
 17849 | Gauntlet | Found a transporter.
 17849 | Gauntlet | Found a runed translucent gate.
 17855 | Gauntlet | Found a runed translucent gate.
 17862 | Gauntlet | Found a transporter.
 17885 | Gauntlet | Found a transporter.
 17885 | Gauntlet | Found a transporter.
 17887 | Gauntlet | Found a transporter.
 17887 | Gauntlet | Found a transporter.
 17898 | Gauntlet | Found a transporter.
 17899 | Gauntlet | Identified the ring "Gaank" {rF+ rN+ Dex+4}
 17912 | Gauntlet | Found a runed translucent door.
 17914 | Gauntlet | Found a transporter.
 17916 | Gauntlet | Found a runed translucent door.
 17924 | Gauntlet | Found a transporter.
 17926 | Gauntlet | Identified the ring of Ciebeq {rC+ Dex+4}
 17939 | Gauntlet | Found a transporter.
 17960 | Gauntlet | Found a transporter.
 17960 | Gauntlet | Found a transporter.
 19141 | D:15     | Reached skill level 1 in Evocations
 19228 | D:15     | Noticed a dire elephant
 19261 | D:15     | Killed a dire elephant
 19318 | D:15     | Found a staircase to the Depths.
 19342 | D:15     | Found a hazy altar of Hepliaklqana.
 19737 | D:15     | Reached skill level 10 in Dodging
 20922 | D:7      | Bought a scroll of holy word for 82 gold pieces
 20922 | D:7      | Bought a scroll of enchant weapon for 82 gold pieces
 20922 | D:7      | Bought a scroll of teleportation for 33 gold pieces
 20972 | Lair:1   | Entered Level 1 of the Lair of Beasts
 21244 | Lair:1   | Identified the +10 hand axe of Painful Death {speed, Str+4}
 21801 | Lair:1   | Reached skill level 1 in Axes
 22541 | Lair:1   | Reached XP level 15. HP: 33/97 MP: 15/15
 22828 | Lair:2   | Found a runed translucent door.
 22828 | Lair:2   | Noticed Ydauvaq's ghost (journeyman TrGl)
 23839 | Lair:3   | Noticed Sonja
 23856 | Lair:3   | Cast into level 1 of the Abyss (Sonja)
 25086 | Abyss:1  | Noticed a lich
 25105 | Abyss:1  | Killed a lich
 25116 | Lair:3   | Escaped the Abyss
 25120 | Lair:3   | Killed Sonja
 25786 | Lair:3   | Found a hole to the Spider Nest.
 26669 | Lair:2   | Killed Ydauvaq's ghost
 26925 | Lair:4   | Found a staircase to the Swamp.
 27246 | Lair:5   | Got the cursed flail of the Wasteland {protect, rElec}
 27247 | Lair:5   | Identified the cursed +0 flail of the Wasteland {protect,
                  | rElec} (You found it on level 5 of the Lair of Beasts)
 27620 | Lair:5   | Found a staircase to the Slime Pits.
 27646 | Lair:5   | Reached skill level 5 in Evocations
 28375 | Lair:6   | Entered Level 6 of the Lair of Beasts
 28426 | Lair:6   | Reached skill level 16 in Maces & Flails
 28491 | Lair:6   | Found a bloodstained altar of Trog.
 28491 | Lair:6   | Noticed PanSaczeczos's ghost (journeyman TrBr)
 28491 | Lair:6   | Identified the +6 spear "Inojun" {flame, +Rage rC+}
 28491 | Lair:6   | Identified the cursed +0 trident "Plog" {antimagic, rC++
                  | Str+2 Int-3}
 28828 | Lair:6   | Found a transporter.
 28832 | Lair:6   | Found a transporter.
 29056 | Lair:6   | Reached XP level 16. HP: 77/105 MP: 16/16
 29632 | Lair:6   | Identified the +7 scale mail of Zin's Whim {rPois rF+}
 29803 | Lair:6   | Got the spear of Hociopuu {holy, rC+}
 29918 | Lair:6   | Killed PanSaczeczos's ghost
 30589 | Orc:1    | Entered Level 1 of the Orcish Mines
 30589 | Orc:1    | Noticed Fannar
 30620 | Orc:1    | Killed Fannar
 30913 | Orc:1    | Found a roughly hewn altar of Beogh.
 31117 | Orc:2    | Entered Level 2 of the Orcish Mines
 31119 | Orc:2    | Found Kuguzoakh's Antique Armour Boutique.
 31341 | Orc:2    | Found Pemes's Antique Weapon Shop.
 31344 | Orc:2    | Noticed Saint Roka
 31784 | Orc:1    | Killed Saint Roka
 31977 | Orc:2    | Found Yhuseoc's Book Shoppe.
 32279 | Orc:2    | Found Mimem's General Store.
 32496 | Orc:2    | Found a staircase to the Elven Halls.
 32921 | Orc:2    | Bought a scroll of fear for 52 gold pieces
 33240 | Swamp:1  | Entered Level 1 of the Swamp
 34036 | Swamp:2  | Reached XP level 17. HP: 96/112 MP: 17/17
 34145 | Swamp:3  | Slain by a bunyip

Illustrated notes

Levels and vault maps discovered:
D:1:      minmay_arrival_loop, layout_basic
D:2:      layout_loops_ring, grunt_decor_junction, minmay_close_crescents
D:3:      layout_basic
D:4:      layout_basic, grunt_temple_overflow_open, lemuel_angel_altar,
          uniq_edmund, uniq_menkaure
D:5:      layout_basic, serial_shops, shop_statue
D:6:      layout_cave_pools, temple_doors_e
D:7:      layout_gridville, elyvilon_altar_5, serial_shops,
          kennysheep_mini_moat, minivault_25, uniq_harold, uniq_pikel,
          uniq_joseph
D:8:      layout_loops_corners, gammafunk_ghost_berserking_beasts, uniq_maggie
D:9:      layout_roguey, david_lair_shrubbed, special_room [special_room_bee],
          lemuel_mausoleum_altar_yredelemnul
D:10:     cheibrodos_helix_gallery, layout_basic, hiddenorc1_lemuel,
          lemuel_blue_sif_altar
D:11:     layout_gridville, pond
D:12:     minmay_evil_eye, layout_irregular_city, uniq_gastronok
D:13:     layout_cave_pods
D:14:     layout_layer_cave, david_vaults_1, hangedman_abyss_or_decor_clamps
D:15:     hangedman_depths_entry_try_elsewhere_first, layout_basic,
          gauntlet_entry_generic, chequers_serial_rivers_micro_e, basic_altar
Temple:   nicolae_temple_elliptical
Lair:1:   layout_concentric_octagons, chequers_serial_rivers_room_b,
          chequers_serial_rivers_marsh, st_stairs_7
Lair:2:   layout_layer_cave, gammafunk_ghost_grave, grunt_forest_stairs_basic,
          patterned_corridor
Lair:3:   layout_loops_ring, spider_nest_entry_funnel_web,
          small_statue_intersection, infiniplex_staircase_pool,
          lemuel_fruit_tree, uniq_sonja
Lair:4:   layout_misc_corridors, minmay_swamp_entry_worms, serial_forest,
          infiniplex_forest_clump_small, infiniplex_forest_end_2,
          infiniplex_forest_lined_2, infiniplex_forest_lined_3
Lair:5:   layout_loops_ring, nicolae_slime_entry_slimehenge
Lair:6:   due_jungle_book, layout_loops_ring, gammafunk_ghost_wrathful_warriors,
          minmay_lair_oklob_chamber
Swamp:1:  layout_basic_swamp, evilmike_swamp_ruin_house_1
Swamp:2:  layout_basic_swamp, nicolae_swamp_very_dense_foliage
Swamp:3:  layout_falls_marsh, nicolae_swamp_fairy_circle, swamp_pool2,
          nicolae_swamp_trees_clearing, st_swamp_ruins_3
Orc:1:    layout_diamond_mine, mines1_david, uniq_fannar
Orc:2:    grunt_orc_gardens, layout_caves, grunt_orc_garden, grunt_orc_garden,
          grunt_orc_garden, grunt_orc_garden, uniq_saint_roka

Skill      XL: |  1  2  3  4  5  6  7  8  9 10 11 12 13 14 15 16 17 |
---------------+----------------------------------------------------+-----
Armour         | 1 2 3 4 5 6 7 9 10 11 12 13 14 | 14.6
Fighting       | 3 4 5 7 8 9 10 11 12 13 14 | 14.8
Maces & Flails | 4 5 6 7 9 10 12 13 14 15 16 | 16.9
Dodging        | 3 4 5 6 7 8 9 10 11 12 | 12.0
Evocations     | 3 5 |  5.0
Axes           | 1 3 |  3.6
Throwing       | |  1.7

Action                   |  1- 3 |  4- 6 |  7- 9 | 10-12 | 13-15 | 16-18 || total
-------------------------+-------+-------+-------+-------+-------+-------++-------
Melee: Flail             |   129 |   213 |       |       |       |       ||   342
       Dire flail        |       |       |   290 |  1045 |  1233 |   799 ||  3367
       Hand axe          |       |       |       |       |   305 |       ||   305
Throw: Throwing net      |       |     4 |       |       |     8 |       ||    12
Invok: Curse Item        |       |       |     2 |       |     2 |       ||     4
 Abil: Fly               |       |       |       |       |     1 |       ||     1
Evoke: Wand              |       |       |       |       |    47 |    20 ||    67
       Tin of tremorston |       |       |       |       |     2 |       ||     2
  Use: Scroll            |       |    12 |     4 |     4 |    14 |     3 ||    37
       Potion            |       |     1 |     2 |       |     4 |       ||     7
 Stab: Held in net/web   |       |     1 |       |       |     8 |       ||     9
       Paralysed         |       |       |       |       |    15 |       ||    15
Armor: Leather armour    |    58 |     1 |       |       |       |       ||    59
       Ring mail         |     8 |    97 |       |       |       |       ||   105
       Scale mail        |       |       |   118 |       |       |   274 ||   392
       Chain mail        |       |       |    34 |   371 |   856 |    63 ||  1324
Dodge: Dodged            |   112 |   142 |   254 |   628 |  1297 |   649 ||  3082

Table legend: (Time is in decaauts)
 A = Elapsed time spent in this place.
 B = Non-inter-level travel time spent in this place.
 C = Inter-level travel time spent in this place.
 D = Time resting spent in this place.
 E = Time spent auto-exploring this place.
 F = Levels seen in this place.
 G = Mean time per level.
                   A        B        C        D        E       F      G
               +--------+--------+--------+--------+--------+-----+--------+
         Total |  32893 |  30697 |   2196 |   8203 |  16612 |  29 | 1134.2 |
       Dungeon |  19133 |  18013 |   1120 |   3422 |  11265 |  15 | 1275.5 |
        Temple |    141 |    114 |     27 |      0 |    114 |   1 |  141.0 |
          Lair |   8012 |   7214 |    798 |   2054 |   3814 |   6 | 1335.3 |
         Swamp |    774 |    751 |     23 |    205 |    342 |   3 |  258.0 |
  Orcish Mines |   2412 |   2185 |    227 |    708 |    955 |   2 | 1206.0 |
         Abyss |   1249 |   1249 |      0 |   1159 |     40 |   1 | 1249.0 |
      Gauntlet |   1171 |   1171 |      0 |    655 |     82 |   1 | 1171.0 |
               +--------+--------+--------+--------+--------+-----+--------+

Top non-repeatable levels by time:
  Lair:6: 1847 daAuts
  Lair:1: 1769 daAuts
    D:14: 1700 daAuts
    D:15: 1666 daAuts
    D:13: 1529 daAuts
    D:10: 1528 daAuts
     D:2: 1460 daAuts
   Orc:1: 1425 daAuts
     D:3: 1409 daAuts
  Lair:2: 1366 daAuts
     D:8: 1319 daAuts
     D:4: 1310 daAuts
     D:9: 1250 daAuts
 Abyss:1: 1249 daAuts
    D:12: 1233 daAuts
